Map: [ESL] Tropical Sacrifice

Players

TeebuL - Winner!

  • Race: Protoss Protoss
  • Spawn Location: 1:00

Probe

  • Race: Protoss Protoss
  • Spawn Location: 7:00

Event: DreamHack SC2 Masters 2022 Atlanta (Online)

VOD

Have the link to the VOD?

Description

Time

  • Played on: Oct. 1, 2022, 5:05 a.m.
  • Length: 5:51

All games in this series

Show
View Real Time Build Order
Export as new Build Order

TeebuL Protoss - Winner!

Build Orders:  

Get SALT Encoding   

  12  0:00  Probe  
  13  0:12  Probe  
  14  0:18  Pylon  
  14  0:24  Probe (Chrono Boost)  
  15  0:37  Probe (Chrono Boost)  
  15  0:39  Gateway  
  16  0:44  Probe (Chrono Boost)  
  16  0:47  Assimilator  
  17  0:51  Probe  
  18  0:59  Assimilator  
  18  1:03  Probe  
  19  1:08  Pylon  
  19  1:15  Probe  
  20  1:25  Cybernetics Core  
  20  1:28  Probe  
  20  1:30  Zealot  
  23  1:40  Probe  
  23  1:41  Pylon  
  24  1:52  Probe  
  25  1:59  Stalker (Chrono Boost)  
  25  2:00  Warp Gate (Chrono Boost)  
  25  2:05  Probe  
  28  2:17  Probe  
  29  2:23  Stalker  
  31  2:36  Stargate  
  30  2:51  Gateway  
  30  2:56  Gateway x2  
  30  2:58  Pylon  
  30  3:08  Shield Battery  
  30  3:15  Pylon  
  30  3:16  Stalker (Chrono Boost)  
  30  3:48  Stalker x2  
  30  3:51  Stalker x2  
  38  4:06  Pylon  
  38  4:11  Stalker  
  38  4:12  Stalker  
  38  4:14  Stalker  
  44  4:21  Stalker  
  45  4:40  Stalker  
  44  4:47  Stalker x2  
  48  4:54  Stalker  
  44  5:23  Adept x4  
  44  5:43  Stalker x2  
Show
View Real Time Build Order
Export as new Build Order

Probe Protoss 

Build Orders: Oracle Opening 

Get SALT Encoding   

  12  0:00  Probe  
  13  0:12  Probe  
  14  0:20  Pylon  
  14  0:24  Probe  
  15  0:38  Probe (Chrono Boost)  
  16  0:44  Gateway  
  16  0:48  Probe (Chrono Boost)  
  16  0:49  Assimilator  
  17  0:53  Probe (Chrono Boost)  
  18  1:05  Probe (Chrono Boost)  
  18  1:10  Assimilator  
  19  1:11  Pylon  
  19  1:15  Probe (Chrono Boost)  
  20  1:20  Probe (Chrono Boost)  
  21  1:31  Probe  
  22  1:37  Zealot  
  22  1:38  Cybernetics Core  
  24  1:43  Probe  
  25  1:53  Pylon  
  25  1:55  Probe  
  26  2:07  Probe  
  27  2:12  Stalker (Chrono Boost)  
  27  2:15  Warp Gate  
  29  2:22  Stargate  
  30  2:33  Pylon  
  30  2:35  Stalker  
  30  2:48  Shield Battery  
  30  3:03  Nexus  
  30  3:10  Shield Battery  
  30  3:23  Oracle (Chrono Boost)  
  32  3:27  Probe  
  32  3:38  Gateway  
  32  3:39  Probe  
  33  3:49  Twilight Council  
  33  3:51  Probe  
  34  4:03  Probe  
  34  4:06  Stalker  
  39  4:21  Forge  
  37  4:27  Shield Battery  
  41  4:32  Void Ray (Chrono Boost)  
  41  4:45  Probe  
  44  5:08  Void Ray  
  34  5:26  Pylon  
Tags
 
Add a new tag
Caveats
  • Supply blocks, unpowered buildings, or Contaminate may cause inaccurate times.
  • Supply counts are checked every 10 seconds.